 Dungeon Crawl Stone Soup version 0.29-a0-243-g602b31c20e (webtiles) character file.

Game seed: 6651472456486700

2932 sammy202020 the Fighter (level 9, -1/82 HPs)
             Began as a Minotaur Fighter on Mar 5, 2022.
             Slain by a seven-headed hydra (10 damage)
             ... on level 8 of the Dungeon.
             The game lasted 00:14:12 (6536 turns).

sammy202020 the Fighter (Minotaur Fighter)          Turns: 6536, Time: 00:14:14

Health: -1/82      AC: 14    Str: 21    XL:     9   Next: 50%
Magic:  8/8        EV:  8    Int:  9    God:
Gold:   338        SH:  0    Dex: 10    Spells: 8/8 levels left

rFire   . . .      SeeInvis .   k - +4 dire flail
rCold   . . .      Faith    .   (shield currently unavailable)
rNeg    . . .      Spirit   .   i - +1 plate armour
rPois   .          Reflect  .   (helmet restricted)
rElec   .          Harm     .   (no cloak)
rCorr   .          Rampage  .   (no gloves)
Will    .....                   (no boots)
Stlth   ..........              (no amulet)
HPRegen 0.23/turn               (no ring)
MPRegen 0.11/turn               (no ring)

@: mighty
A: horns 2, retaliatory headbutt
a: no special abilities


You were on level 8 of the Dungeon.
You visited 1 branch of the dungeon, and saw 8 of its levels.

You collected 338 gold pieces.

Inventory:

Hand Weapons
 a - a +0 war axe of freezing
 j - a +3 battleaxe of protection
 k - a +4 dire flail (weapon)
 m - a +3 whip of electrocution
Missiles
 g - 2 throwing nets (quivered)
Armour
 c - a +0 buckler
 i - a +1 plate armour (worn)
Jewellery
 f - a ring of magical power
 o - a ring of flight
 r - a ring of positive energy
Scrolls
 b - a scroll of fog
 h - 3 scrolls of teleportation
 n - 2 scrolls of amnesia
Potions
 e - 3 potions of lignification
 p - 2 potions of haste {unknown}
 q - a potion of cancellation {unknown}
 s - 2 potions of curing
 t - a potion of invisibility {unknown}


   Skills:
 * Level 8.8 Fighting
 * Level 8.2 Axes
 * Level 8.7 Armour
 + Level 4.9 Dodging
 - Level 6.7 Shields


You had 8 spell levels left.
You didn't know any spells.
Your spell library contained the following spells:

 Spells                   Type           Power      Damage    Failure   Level
 Magic Dart               Conj           0%         1d3       100%        1
 Scorch                   Fire           0%         2d5       100%        2
 Searing Ray              Conj           0%         2d4       100%        2
 Static Discharge         Conj/Air       0%         N/A       100%        2
 Ozocubu's Armour         Ice            0%         N/A       100%        3
 Flame Wave               Conj/Fire      0%         2d4       100%        4
 Fulminant Prism          Conj/Hex       0%         3d6       100%        4
 Lightning Bolt           Conj/Air       0%         1d11      100%        5
 Summon Cactus Giant      Summ           0%         N/A       100%        6
 Ozocubu's Refrigeration  Ice            0%         4d5       100%        7
 Borgnjor's Revivificati  Necr           0%         N/A       100%        8
 Maxwell's Capacitive Co  Air            0%         ∞         100%        8
 Necromutation            Tmut/Necr      0%         N/A       100%        8
 Death's Door             Necr           0%         N/A       100%        9


Dungeon Overview and Level Annotations

Branches:
Dungeon (8/15)             Temple (0/1) D:7
   Lair: D:8-11

Altars:
Kikubaaqudgha
Nemelex Xobeh
Ru
Uskayaw
Xom

Shops:
D:3 (   D:4 :


Innate Abilities, Weirdness & Mutations

You have a pair of horns on your head.
You reflexively headbutt those who attack you in melee.


Message History

Okay, then.
Your +3 battleaxe of protection goes still.
k - a +4 dire flail (weapon)
The seven-headed hydra bites you.
The seven-headed hydra closely misses you.
The seven-headed hydra bites you but does no damage.
The seven-headed hydra bites you. The seven-headed hydra bites you!
The seven-headed hydra bites you but does no damage. x2
You hit the seven-headed hydra. You headbutt the seven-headed hydra.
The seven-headed hydra is lightly wounded.
The seven-headed hydra bites you! The seven-headed hydra bites you. x3
The seven-headed hydra bites you but does no damage. x3
You hit the seven-headed hydra. You headbutt the seven-headed hydra!
The seven-headed hydra is moderately wounded.
The seven-headed hydra bites you.
The seven-headed hydra bites you but does no damage.
The seven-headed hydra bites you. x2
* * * LOW HITPOINT WARNING * * *
The seven-headed hydra bites you but does no damage.
The seven-headed hydra bites you!
* * * LOW HITPOINT WARNING * * *
The seven-headed hydra completely misses you.
A two-headed ogre comes into view. It is wielding two +0 giant clubs.
Sorry, you're not good enough to have a special ability.
Unknown command.
You feel very mighty all of a sudden.
The seven-headed hydra bites you but does no damage. x3
The seven-headed hydra bites you.
* * * LOW HITPOINT WARNING * * *
The seven-headed hydra barely misses you.
The seven-headed hydra bites you but does no damage.
The seven-headed hydra barely misses you.
You puncture the seven-headed hydra! You headbutt the seven-headed hydra!!
The seven-headed hydra is severely wounded.
The seven-headed hydra bites you but does no damage.
The seven-headed hydra bites you.
* * * LOW HITPOINT WARNING * * *
The seven-headed hydra bites you but does no damage.
The seven-headed hydra bites you!
You die...

#####.))....# #
#..))...# #
#..)....#### ##
#..........###.
##.......##.....
#........##...## #
#.######....###
#..#####[######...##
#....@D....O.....#
######.###..##...#
......†.../........
....................
.....................
........#.............
...............
.....<....####.
........#..


You could see a seven-headed hydra and a two-headed ogre.

Vanquished Creatures
  Sigmund (D:2)
  3 water moccasins
  An orc warrior (D:6)
  2 sky beasts
  2 centaurs (D:7)
  4 ogres
  A phantom (D:6)
  2 bullfrogs
  A kobold brigand (D:7)
  A necrophage (D:5)
  3 scorpions
  8 wights
  4 killer bees (D:7)
  2 howler monkeys
  2 hounds
  A gnoll shaman (D:6)
  Jessica (D:2)
  2 iguanas
  4 orc wizards
  Robin (D:2)
  5 adders
  8 gnolls
  A worm (D:4)
  2 dart slugs (D:1)
  18 orcs
  2 ball pythons
  4 bats (D:1)
  5 endoplasms
  5 giant cockroaches
  15 goblins
  5 hobgoblins
  3 jackals (D:2)
  11 kobolds
  3 quokkas (D:4)
  A frilled lizard (D:2)
  5 rats
139 creatures vanquished.

Vanquished Creatures (others)
  2 demonic plants (D:1)
2 creatures vanquished.

Grand Total: 141 creatures vanquished

Notes
Turn   | Place    | Note
-------+----------+-------------------------------------------
     0 | D:1      | sammy202020 the Minotaur Fighter began the quest for the
                  | Orb.
     0 | D:1      | Reached XP level 1. HP: 19/19 MP: 0/0
   172 | D:1      | Reached XP level 2. HP: 27/27 MP: 1/1
   312 | D:1      | Found a faded altar of an unknown god.
   312 | D:1      | Noticed a Hell Sentinel
   608 | D:2      | Noticed Jessica
   613 | D:2      | Killed Jessica
   614 | D:2      | Reached XP level 3. HP: 26/33 MP: 2/2
   722 | D:2      | Noticed Robin
   739 | D:2      | Reached skill level 1 in Dodging
   742 | D:2      | Reached XP level 4. HP: 41/41 MP: 3/3
   755 | D:2      | Killed Robin
  1091 | D:2      | Noticed Sigmund
  1102 | D:2      | Killed Sigmund
  1103 | D:2      | Reached skill level 5 in Fighting
  1103 | D:2      | Reached XP level 5. HP: 47/48 MP: 4/4
  1388 | D:3      | Reached XP level 6. HP: 56/56 MP: 5/5
  1393 | D:3      | Found Xaagh's Antique Weapon Shop.
  1496 | D:3      | Reached skill level 5 in Armour
  1565 | D:3      | Reached skill level 5 in Shields
  2314 | D:4      | Found a hide-covered altar of Uskayaw.
  2349 | D:4      | Found a sacrificial altar of Ru.
  2420 | D:4      | Found Worphuse's Book Emporium.
  2527 | D:5      | Entered Level 5 of the Dungeon
  2627 | D:5      | Noticed a water moccasin
  2639 | D:5      | Killed a water moccasin
  2640 | D:5      | Reached XP level 7. HP: 45/62 MP: 6/6
  2811 | D:5      | Reached skill level 5 in Axes
  3134 | D:5      | Found a shimmering altar of Xom.
  3443 | D:5      | Reached XP level 8. HP: 5/71 MP: 7/7
  4122 | D:6      | Identified the +0 robe "Naedgh" {Rampage rElec rPois Str+2}
  4460 | D:6      | Found a sparkling altar of Nemelex Xobeh.
  5013 | D:7      | Found a staircase to the Ecumenical Temple.
  5102 | D:7      | Reached XP level 9. HP: 81/81 MP: 8/8
  6332 | D:7      | Found an ancient bone altar of Kikubaaqudgha.
  6526 | D:8      | Noticed a seven-headed hydra
  6534 | D:8      | Noticed a two-headed ogre
  6536 | D:8      | Slain by a seven-headed hydra

Illustrated notes

Levels and vault maps discovered:
D:1:      lightli_arrival_chessboard, layout_rooms,
          dreamdust_ecumenical_altar_sealed_demon
D:2:      layout_rooms, chequers_serial_rivers_large_a, uniq_robin,
          uniq_jessica, uniq_sigmund
D:3:      layout_basic, serial_shops, nicolae_lakefront_shop, minivault_11
D:4:      layout_cave_pools, mainiacjoe_overflow_catch_the_wave, serial_shops,
          kennysheep_mini_moat
D:5:      layout_basic, mainiacjoe_overflow_concentric_impassable
D:6:      layout_loops_ring, nemelex_dance_club_becter
D:7:      layout_basic, overflow_temple_1_default,
          minmay_temple_entry_gardened_gates
D:8:      layout_rooms, kennysheep_generic_room_4, uniq_harold

Skill      XL: |  1  2  3  4  5  6  7  8  9 |
---------------+----------------------------+-----
Armour         | 4 5 6 7 8 |  8.7
Fighting       | 4 5 6 7 8 |  8.8
Axes           | 3 4 5 7 8 |  8.2
Shields        | 4 5 6 |  6.7
Dodging        | 1 2 3 4 |  4.9

Action                   |  1- 3 |  4- 6 |  7- 9 || total
-------------------------+-------+-------+-------++-------
Melee: War axe           |    48 |    99 |    52 ||   199
       Headbutt          |     4 |    14 |    37 ||    55
       Battleaxe         |       |       |   118 ||   118
       Dire flail        |       |       |     3 ||     3
  Use: Scroll            |     3 |       |    12 ||    15
       Potion            |       |       |     4 ||     4
Armor: Scale mail        |    17 |       |       ||    17
       Plate armour      |    11 |    69 |   150 ||   230
Dodge: Dodged            |    15 |    32 |    80 ||   127
Block: Buckler           |     5 |    23 |    15 ||    43

Table legend: (Time is in decaauts)
 A = Elapsed time spent in this place.
 B = Non-inter-level travel time spent in this place.
 C = Inter-level travel time spent in this place.
 D = Time resting spent in this place.
 E = Time spent auto-exploring this place.
 F = Levels seen in this place.
 G = Mean time per level.
                   A        B        C        D        E       F      G
               +--------+--------+--------+--------+--------+-----+--------+
         Total |   6649 |   6489 |    160 |    554 |   4914 |   8 |  831.1 |
       Dungeon |   6649 |   6489 |    160 |    554 |   4914 |   8 |  831.1 |
               +--------+--------+--------+--------+--------+-----+--------+

Top non-repeatable levels by time:
     D:7: 1447 daAuts
     D:5: 1330 daAuts
     D:6: 1142 daAuts
     D:2: 729 daAuts
     D:4: 667 daAuts
     D:1: 621 daAuts
     D:3: 567 daAuts
     D:8: 143 daAuts
